 Dungeon Crawl Stone Soup version 0.24-a0-244-ga6a6ab7 (webtiles) character file.

Game seed: 7150928165179599325

3229 Syader the Covered (level 9, -2/69 HPs)
             Began as a Demonspawn Gladiator on Apr 10, 2019.
             Was a Follower of Okawaru.
             Slain by an orc warrior
             ... wielding a +0 war axe
              (4 damage)
             ... in a bailey.
             The game lasted 00:29:21 (6926 turns).

Syader the Covered (Demonspawn Gladiator)           Turns: 6926, Time: 00:29:21

Health: -2/69      AC:  8    Str: 13 (14) XL:     9   Next: 66%
Magic:  0/13       EV: 12    Int: 15      God:    Okawaru [*.....]
Gold:   398        SH:  0    Dex: 14 (15) Spells: 8/8 levels left

rFire    . . .     SeeInvis .   a - +3 long sword
rCold    . . .     Gourm    .   (no shield)
rNeg     . . .     Faith    .   M - +0 ring mail "Jainuice" {rElec Int+2}
rPois    .         Spirit   +   (helmet restricted)
rElec    +         Reflect  .   (no cloak)
rCorr    .         Harm     .   (no gloves)
MR       +....                  (no boots)
Stlth    ++........             l - amulet of regeneration
HPRegen  0.61/turn              t - ring of stealth
MPRegen  0.13/turn              (no ring)

@: very slightly contaminated
A: antennae 1, yellow scales 1, deterioration 1, magic resistance 1, powered by
death 1, wild magic 1, magic shield
a: Heroism, Renounce Religion


You were in a bailey.
You worshipped Okawaru.
Okawaru was aware of your devotion.
You were not hungry.

You visited 2 branches of the dungeon, and saw 10 of its levels.
You also visited: Bailey.

You collected 398 gold pieces.

Inventory:

Hand Weapons
 a - a +3 long sword (weapon)
 r - a +1 short sword of protection
Missiles
 q - 59 bolts
 D - 2 tomahawks of returning
 I - 3 tomahawks (quivered)
 J - 2 throwing nets
Armour
 b - a +0 leather armour
 m - a +0 plate armour
 C - a +1 chain mail
 M - the +0 ring mail "Jainuice" (worn) {rElec Int+2}
   (You found it on level 9 of the Dungeon)

   It affects your intelligence (+2).
   It insulates you from electricity.
Jewellery
 c - an uncursed amulet of rage
 l - an amulet of regeneration (around neck)
 t - a ring of stealth (left hand)
 u - an uncursed ring of protection from fire {unknown}
 A - an uncursed ring of ice
 L - a cursed -3 ring of evasion {unknown}
Scrolls
 d - a scroll of magic mapping
 g - a scroll of teleportation
 i - 4 scrolls of remove curse
 n - a scroll of enchant armour
 w - a scroll of immolation
 H - a scroll of amnesia
Potions
 e - 2 potions of lignification
 j - 2 potions of mutation
 k - a potion of invisibility
 z - 2 potions of cancellation
 B - 2 potions of brilliance
Comestibles
 f - 13 rations
 K - 4 chunks of flesh


   Skills:
 + Level 6.1 Fighting
 - Level 0.8(4.2) Short Blades
 + Level 6.7 Long Blades
 - Level 1.8 Throwing
 * Level 7.3 Armour
 - Level 3.5 Dodging
 - Level 0.1 Stealth
 + Level 5.5 Evocations


You had 8 spell levels left.
You didn't know any spells.
Your spell library contained the following spells:

 Spells                   Type           Power        Failure   Level  Hunger
 Magic Dart               Conj           #...         54%         1    ##.....
 Blink                    Tloc           N/A          69%         2    ###....
 Call Imp                 Summ           #.......     69%         2    ###....
 Slow                     Hex            #.......     69%         2    ###....
 Conjure Flame            Conj/Fire      #.......     88%         3    ####...
 Mephitic Cloud           Conj/Pois/Air  #.......     88%         3    ####...


Dungeon Overview and Level Annotations

Branches:
Dungeon (9/15)             Temple (1/1) D:7            Lair (0/6) D:9
    Orc: D:9-12

Altars:
Ashenzari
Cheibriados
Dithmenos
Elyvilon
Fedhas
Gozag
Hepliaklqana
Kikubaaqudgha
Makhleb
Nemelex Xobeh
Okawaru
Qazlal
Ru
Sif Muna
Trog
Uskayaw
Vehumet
Wu Jian
Xom
Yredelemnul
Zin
The Shining One

Shops:
D:5 (

Annotations:
D:4 exclusion: scorpion
D:5 exclusion: scorpion
D:6 2 runed translucent doors, exclusion: 2 doors, emperorscorpion's ghost, novice HuWn


Innate Abilities, Weirdness & Mutations

You have a pair of small antennae on your head.
You are partially covered in yellow scales. (AC +2)
You regenerate a little health from kills.
When hurt, damage is shared between your health and your magic reserves.
Your body sometimes deteriorates upon taking damage.
You are resistant to hostile enchantments. (MR+)
Your spells are a little harder to cast, but a little more powerful.


Message History

Aim: an orc warrior, wielding a +0 war axe and wearing a +0 plate armour (severely wounded)
You throw a tomahawk.
The tomahawk closely misses the orc warrior.
You hear a splash.
Throwing (i - inventory. (/) - cycle)
I - 4 tomahawks (quivered)
Press: ? - help, Shift-Dir - straight line, f/p - orc warrior
Aim: an orc warrior, wielding a +0 war axe and wearing a +0 plate armour (severely wounded)
You throw a tomahawk.
The tomahawk barely misses the orc warrior.
An orc warrior opens the door.
You closely miss the orc warrior.
The orc warrior is lightly wounded.
The orc warrior hits you with a +0 war axe.
* * * LOW HITPOINT WARNING * * *
You hit the orc warrior.
The orc warrior is almost dead.
The orc warrior hits you with a +0 war axe!
* * * LOW HITPOINT WARNING * * *
The orc warrior hits you with a +0 war axe.
You die...

≈≈≈≈≈≈≈≈≈(#.....#.....#
≈≈≈≈≈≈≈≈≈.#.8...#.....#
≈≈≈≈≈≈≈≈(.#..)).#######
≈≈≈≈≈≈≈≈≈.#.8)###
≈≈≈≈≈≈≈≈≈.#......
≈≈≈≈≈≈≈≈≈.#.8.....
≈≈≈≈≈≈≈≈≈.'........K
≈≈≈≈≈≈≈oo##'#....K.
≈≈≈≈≈≈≈@#.. ######
≈≈≈≈≈≈≈.#gg %..
≈≈≈≈≈≈≈.#{ ≈≈≈≈≈≈≈.#
≈≈≈≈≈≈≈.# ≈≈≈≈≈≈#+#
≈≈≈≈≈≈ ≈≈≈≈≈≈


You could see 2 orc warriors.

Vanquished Creatures
  2 kobold demonologists (Bailey)
  A troll (D:7)
  A hungry ghost (D:7)
  A sky beast (D:7)
  A necrophage (D:6)
  2 orc warriors
  An ice beast (D:6)
  4 ogres
  2 centaurs
  2 bullfrogs (D:6)
  3 scorpions
  A water moccasin skeleton (D:4)
  2 killer bees (D:9)
  An electric eel (Bailey)
  A howler monkey (D:7)
  3 crimson imps
  A centaur zombie (D:9)
  A bullfrog zombie (D:5)
  4 orc priests
  4 hounds
  2 bullfrog skeletons
  2 iguanas
  2 orc wizards
  A worker ant (D:6)
  3 hound zombies
  A hound skeleton (D:5)
  2 worker ant zombies (D:6)
  11 adders
  2 gnolls (D:6)
  A shadow imp (D:2)
  2 oozes
  An adder zombie (D:6)
  An adder skeleton (D:7)
  3 worms
  2 dart slugs
  7 leopard geckos
  15 orcs
  A ball python (D:6)
  3 giant cockroaches
  16 goblins
  14 hobgoblins
  4 jackals
  2 quokkas
  9 bats
  6 frilled lizards
  7 kobolds
  A leopard gecko zombie (D:7)
  4 rats
163 creatures vanquished.

Vanquished Creatures (others)
  A hound (D:6)
  A gnoll (D:6)
  19 fungi (D:9)
  6 plants (D:9)
27 creatures vanquished.

Grand Total: 190 creatures vanquished

Notes
Turn   | Place    | Note
-------+----------+-------------------------------------------
     0 | D:1      | Syader the Demonspawn Gladiator began the quest for the
                  | Orb.
     0 | D:1      | Reached XP level 1. HP: 16/16 MP: 1/1
   343 | D:1      | Gained mutation: You regenerate a little health from kills.
                  | [demonic ancestry]
   343 | D:1      | Reached XP level 2. HP: 20/23 MP: 2/2
   605 | D:1      | Gained mutation: When hurt, damage is shared between your
                  | health and your magic reserves. [demonic ancestry]
   605 | D:1      | Reached XP level 3. HP: 28/28 MP: 3/3
  1263 | D:2      | Found a faded altar of an unknown god.
  1474 | D:2      | Noticed an ogre
  1496 | D:2      | Killed an ogre
  1496 | D:2      | Reached skill level 1 in Armour
  1496 | D:2      | Reached XP level 4. HP: 12/35 MP: 2/4
  1496 | D:2      | Gained mutation: You are partially covered in yellow
                  | scales. (AC +2) [demonic ancestry]
  1496 | D:2      | Reached XP level 5. HP: 14/41 MP: 2/5
  1673 | D:2      | Found a radiant altar of Vehumet.
  2494 | D:3      | Reached skill level 2 in Armour
  2494 | D:3      | Reached skill level 1 in Evocations
  2726 | D:3      | Reached XP level 6. HP: 47/47 MP: 6/6
  3398 | D:4      | Found a sacrificial altar of Ru.
  3606 | D:5      | Entered Level 5 of the Dungeon
  3661 | D:5      | Found Maxkagych's Weapon Emporium.
  3862 | D:5      | Reached skill level 3 in Armour
  3862 | D:5      | Gained mutation: You have a pair of small antennae on your
                  | head. [demonic ancestry]
  3862 | D:5      | Reached XP level 7. HP: 52/52 MP: 8/8
  4325 | D:5      | Reached skill level 5 in Long Blades
  4629 | D:6      | Reached skill level 4 in Armour
  4679 | D:6      | Reached XP level 8. HP: 58/60 MP: 8/10
  4887 | D:6      | Found a basalt altar of Yredelemnul.
  4887 | D:6      | Found a hide-covered altar of Uskayaw.
  4888 | D:6      | Found a sacrificial altar of Ru.
  4908 | D:6      | Reached skill level 5 in Armour
  5049 | D:6      | Found a large runed translucent door.
  5050 | D:6      | Found a large runed translucent door.
  5083 | D:6      | Noticed emperorscorpion's ghost (novice HuWn)
  5224 | D:6      | Found Mymuahul's Antique Weapon Shoppe.
  5718 | D:7      | Reached skill level 5 in Fighting
  5971 | D:7      | Reached skill level 6 in Armour
  5971 | D:7      | Reached XP level 9. HP: 68/68 MP: 12/12
  5981 | D:7      | Found a staircase to the Ecumenical Temple.
  5990 | Temple   | Entered the Ecumenical Temple
  6126 | Temple   | Became a worshipper of Warmaster Okawaru
  6239 | D:7      | Noticed a troll
  6242 | D:7      | Killed a troll
  6545 | D:8      | Noticed a two-headed ogre
  6631 | D:9      | Got a faintly glowing ring mail
  6632 | D:9      | Identified the cursed +0 ring mail "Jainuice" {rElec Int+2}
                  | (You found it on level 9 of the Dungeon)
  6707 | D:9      | Reached skill level 5 in Evocations
  6719 | D:9      | Found a flagged portal.
  6729 | Bailey   | Entered a bailey
  6809 | Bailey   | Found an iron altar of Okawaru.
  6809 | Bailey   | Noticed a kobold demonologist
  6809 | Bailey   | Noticed a kobold demonologist
  6825 | Bailey   | Killed a kobold demonologist
  6825 | Bailey   | Reached * piety under Okawaru
  6833 | Bailey   | Reached skill level 7 in Armour
  6840 | Bailey   | Noticed an orange demon
  6845 | Bailey   | Noticed a sun demon
  6845 | Bailey   | Gained mutation: Your body sometimes deteriorates upon
                  | taking damage. [potion of mutation]
  6845 | Bailey   | Gained mutation: You are resistant to hostile enchantments.
                  | (MR+) [potion of mutation]
  6845 | Bailey   | Gained mutation: Your spells are a little harder to cast,
                  | but a little more powerful. [potion of mutation]
  6867 | Bailey   | Killed a kobold demonologist
  6926 | Bailey   | HP: 2/69 [orc warrior/+0 war axe (6)]
  6926 | Bailey   | Slain by an orc warrior

Levels and vault maps discovered:
D:1:      dpeg_arrival_circle_labyrinth_c, layout_loops_ring, minmay_hexomino_c4
D:2:      layout_loops_cross, lemuel_round_altar,
          chequers_ecumenical_altar_simple_redux, minmay_between
D:3:      layout_loops_ring
D:4:      layout_loops_ring, first_ration, minmay_hedge_maze,
          hangedman_ru_absence
D:5:      layout_loops_ring, serial_shops, shop
D:6:      layout_loops_ring, gammafunk_temple_overflow_claw,
          ebering_ghost_disaster_area, serial_shops, shop, lemuel_old_faithful
D:7:      layout_loops_ring, temple_hall, grunt_ogre_cave
D:8:      layout_basic, elyvilon_altar_5
D:9:      layout_layer_cave, due_lair_maze_entry_diamond, enter_bailey_3
Temple:   regret_index_temple_mists
Bailey:   bailey_axe_of_yendor_kennysheep, bailey

Skill      XL: |  1  2  3  4  5  6  7  8  9 |
---------------+----------------------------+-----
Long Blades    | 3 4 5 6 |  6.7
Fighting       | 3 4 5 6 |  6.1
Armour         | 1 2 3 4 6 7 |  7.3
Dodging        | 3 |  3.5
Evocations     | 1 2 3 4 5 |  5.5
Short Blades   | |  0.8
Throwing       | |  1.8
Stealth        | |  0.1

Action                   |  1- 3 |  4- 6 |  7- 9 || total
-------------------------+-------+-------+-------++-------
Melee: Long sword        |    94 |   120 |   302 ||   516
       Short sword       |    36 |   151 |     4 ||   191
Throw: Throwing net      |     4 |       |       ||     4
       Stone             |     2 |     4 |       ||     6
       Javelin           |       |     3 |    15 ||    18
       Tomahawk          |       |       |     8 ||     8
Evoke: Wand              |       |     1 |    10 ||    11
  Use: Scroll            |     2 |     3 |    20 ||    25
       Potion            |       |       |    11 ||    11
 Stab: Invisible         |       |       |     3 ||     3
  Eat: Chunk             |     2 |     8 |     5 ||    15
       Ration            |       |       |     2 ||     2
Armor: Scale mail        |    60 |   111 |       ||   171
       Chain mail        |       |    25 |   133 ||   158
       Ring mail         |       |       |    24 ||    24
Dodge: Dodged            |    52 |   136 |   183 ||   371
       Rpst.: Long sword |    14 |    21 |    51 ||    86

Table legend:
 A = Non-vault XP
 B = Vault XP
 C = Vault XP percentage of total XP
 D = Non-vault monster count
 E = Vault monster count
 F = Vault count percentage of total count
                 A         B        C        D         E       F
            +---------+---------+-------+---------+---------+-------
      Total |    3513 |    1100 |  23.8 |     137 |      26 |  16.0
            +---------+---------+-------+---------+---------+-------
        D:1 |      41 |      15 |  26.8 |      20 |       7 |  25.9
        D:2 |     199 |       8 |   3.9 |      24 |       4 |  14.3
        D:3 |     144 |       0 |   0.0 |      20 |       0 |   0.0
        D:4 |     143 |       0 |   0.0 |      12 |       0 |   0.0
        D:5 |     520 |       0 |   0.0 |      16 |       0 |   0.0
        D:6 |    1026 |       0 |   0.0 |      23 |       0 |   0.0
        D:7 |    1003 |     118 |  10.5 |      13 |       1 |   7.1
        D:8 |     110 |       0 |   0.0 |       1 |       0 |   0.0
        D:9 |     327 |       5 |   1.5 |       8 |       3 |  27.3
     Bailey |       0 |     954 | 100.0 |       0 |      11 | 100.0
            +---------+---------+-------+---------+---------+-------
